 Dungeon Crawl Stone Soup version 0.16-a0-1212-geefc3ab (webtiles) character file.

13512 MDvedh the Severer (level 11, 52/83 HPs)
             Began as a Minotaur Berserker on Aug 29, 2014.
             Was the Champion of Trog.
             Quit the game on level 3 of the Lair of Beasts on Oct 12, 2014.
             The game lasted 00:28:31 (13071 turns).

MDvedh the Severer (Minotaur Berserker)            Turns: 13071, Time: 00:28:32

Health: 52/83      AC: 14    Str: 24    XL:     11   Next: 76%
Magic:  4/4        EV:  6    Int:  4    God:    Trog [******]
Gold:   875        SH:  0    Dex: 11    Spells: 0 memorised, 10 levels left

rFire  + . .     SeeInvis .     B - +3 battleaxe (flame)
rCold  . . .     Clarity  +     t - +0 plate armour
rNeg   . . .     SustAb   .     (no shield)
rPois  +         Gourm    .     (helmet restricted)
rElec  .         Spirit   .     m - +2 cloak
rCorr  .         Warding  .     (no gloves)
rMut   .         Stasis   .     (no boots)
MR     .....                    y - amulet of clarity
Stlth  ..........               w - ring of protection from fire
                                l - ring of poison resistance

@: exhausted, slowed, very slow, not resistant to hostile enchantments,
extremely unstealthy
A: retaliatory headbutt, horns 2
a: Burn Spellbooks, Berserk, Trog's Hand, Brothers in Arms, Renounce Religion


You were on level 3 of the Lair of Beasts.
You worshipped Trog.
Trog was exalted by your worship.
You were not hungry.

You visited 3 branches of the dungeon, and saw 14 of its levels.
You also visited: Sewer.

You collected 875 gold pieces.

Inventory:

Hand weapons
 A - a +0 vampiric battleaxe
 B - a +3 battleaxe of flaming (weapon)
Armour
 m - a +2 cloak (worn)
 t - a +0 plate armour (worn)
Magical devices
 E - a wand of hasting (2)
 L - a wand of cold (4)
Comestibles
 a - 5 fruits
 c - 6 bread rations
 k - 3 beef jerkies
 p - 4 slices of pizza
 s - 5 meat rations
Scrolls
 h - 3 scrolls of remove curse
 n - 2 scrolls of enchant armour
 z - 3 scrolls of teleportation
 C - 3 scrolls of magic mapping
Jewellery
 l - a ring of poison resistance (left hand)
 o - an uncursed ring of ice
 w - a ring of protection from fire (right hand)
 y - an amulet of clarity (around neck)
Potions
 b - a potion of berserk rage
 d - 8 potions of curing
 e - 4 potions of agility
 j - 3 potions of invisibility
 q - 7 potions of flight
 u - 2 potions of porridge
 F - a potion of restore abilities
 H - 2 potions of cure mutation
 J - a potion of brilliance


   Skills:
 + Level 3.9 Fighting
 - Level 20.5 Axes
 + Level 2.8 Armour
 - Level 2.1 Dodging


You had 10 spell levels left.
You didn't know any spells.

Dungeon Overview and Level Annotations

Branches:
Dungeon (10/15)            Temple (1/1) D:4             Orc (0/4) D:9
   Lair (3/8) D:9
  Swamp: Lair:3-6    Shoals: Lair:3-6     Snake: Lair:3-6    Spider: Lair:3-6

Altars:
Ashenzari
Cheibriados
Dithmenos
Elyvilon
Fedhas
Kikubaaqudgha
Makhleb
Nemelex Xobeh
Trog
Vehumet
Zin

Shops:
D:7 %


Innate Abilities, Weirdness & Mutations

You reflexively headbutt those who attack you in melee.
You have a pair of horns on your head.


Message History

You see here a boring beetle corpse.
You feel a strong urge to attack something.
You feel your anger subside.
You are no longer berserk.
You are exhausted.
You feel yourself slow down.
You see here 9 bolts.
Saving game... please wait.
Welcome back, MDvedh the Minotaur Berserker.
Trog says: Kill them all!
Press ? for a list of commands and other information.
Unknown command.
Saving game... please wait.
Welcome back, MDvedh the Minotaur Berserker.
Trog says: Kill them all!
Press ? for a list of commands and other information.
Welcome back, MDvedh the Minotaur Berserker.
Trog says: Kill them all!
Press ? for a list of commands and other information.
Are you sure you want to abandon this character and quit the game? (Confirm with "yes".)

.............##
##.......
.............##
##........
...............#
#.........
...............##
###.......
.................#
##.......
.................##
#........
...$..............P#
##.......
...................#
#.......
...........(....@..#
#.......
.............#######
#.......
.............##
#.#.#.##
......%.......#
.##.8.##
.............##
#.....#
............##
#8.<..+
.....##.###.#
#...... ..#.# ##.
..# ##.8.#. P ##
##!.# #.##.#


There were no monsters in sight!

Vanquished Creatures
  A hydra (Lair:3)
  Erolcha (D:8)
  A hill giant (D:10)
  3 spiny frogs (Lair:1)
  A komodo dragon (Lair:2)
  A two-headed ogre (D:9)
  Prince Ribbit (D:6)
  6 blink frogs
  8 yaks
  3 hippogriffs
  Grum (D:9)
  A deep elf fighter (D:9)
  10 wolves
  2 sky beasts
  2 porcupines
  A necrophage (D:9)
  6 water moccasins
  3 ice beasts
  3 centaurs
  2 boring beetles (Lair:3)
  An orc warrior (D:7)
  7 ogres
  2 phantoms
  3 crocodiles
  2 gnoll sergeants (D:7)
  11 giant frogs
  A scorpion (D:6)
  5 wights
  A goliath beetle (D:6)
  8 crimson imps
  4 jellies
  A black bear zombie (D:7)
  A centaur zombie (D:8)
  A gnoll shaman (D:7)
  8 hounds
  3 orc priests
  4 iguanas
  5 orc wizards
  An orange rat (D:5)
  4 worker ants
  2 sky beast zombies
  An ogre skeleton (D:9)
  A mummy (D:8)
  10 gnolls (D:7)
  15 adders
  41 green rats
  3 shadow imps
  3 giant mites
  3 worms
  2 oozes
  17 orcs
  A bat skeleton (D:6)
  A bat zombie (D:7)
  9 giant cockroaches
  22 hobgoblins
  11 jackals
  6 quokkas
  3 ball pythons
  29 bats
  5 giant geckos
  8 giant newts
  2 giant spores (D:9)
  7 goblins
  A hobgoblin skeleton (D:5)
  19 kobolds
  A quokka skeleton (D:8)
  49 rats
  5 fungi
  7 plants
414 creatures vanquished.

Vanquished Creatures (collateral kills)
  A centaur (D:9)
  7 orcs (D:9)
8 creatures vanquished.

Vanquished Creatures (others)
  2 plants (D:7)
2 creatures vanquished.

Grand Total: 424 creatures vanquished

Notes
Turn   | Place    | Note
--------------------------------------------------------------
     0 | D:1      | MDvedh, the Minotaur Berserker, began the quest for the Orb.
     0 | D:1      | Reached XP level 1. HP: 19/19 MP: 1/1
   172 | D:1      | Reached skill level 4 in Axes
   299 | D:1      | Reached XP level 2. HP: 26/26 MP: 1/1
   576 | D:1      | Acquired Trog's second power
  1010 | D:2      | Reached skill level 5 in Axes
  1090 | D:2      | Reached XP level 3. HP: 17/31 MP: 2/2
  1099 | D:2      | HP: 1/31 [adder (3)]
  1889 | D:2      | Found a blossoming altar of Fedhas.
  1987 | D:3      | Reached skill level 6 in Axes
  1987 | D:3      | Reached XP level 4. HP: 35/39 MP: 2/2
  3101 | D:4      | Noticed a phantom
  3121 | D:4      | Killed a phantom
  3121 | D:4      | Reached skill level 7 in Axes
  3121 | D:4      | Reached XP level 5. HP: 45/45 MP: 2/2
  3273 | D:4      | Found a staircase to the Ecumenical Temple.
  3276 | D:4      | Reached skill level 8 in Axes
  3281 | Temple   | Entered the Ecumenical Temple
  3416 | D:4      | Reached XP level 6. HP: 51/51 MP: 3/3
  3682 | D:4      | Acquired Trog's third power
  3846 | D:5      | Entered Level 5 of the Dungeon
  3987 | D:5      | Reached skill level 9 in Axes
  4030 | D:5      | Reached XP level 7. HP: 57/57 MP: 3/3
  4069 | D:5      | Found a glowing silver altar of Zin.
  4097 | D:5      | Reached skill level 10 in Axes
  4979 | D:5      | Reached skill level 11 in Axes
  5130 | D:6      | Reached XP level 8. HP: 52/64 MP: 3/3
  5235 | D:6      | Reached skill level 12 in Axes
  5284 | D:6      | Found a glowing drain.
  5286 | D:6      | Received a gift from Trog
  5382 | Sewer    | Entered a sewer
  5742 | D:6      | Found a sparkling altar of Nemelex Xobeh.
  5744 | D:6      | Found a shadowy altar of Dithmenos.
  5747 | D:6      | Found a radiant altar of Vehumet.
  6140 | D:6      | Noticed Prince Ribbit
  6161 | D:6      | Killed Prince Ribbit
  6161 | D:6      | Reached skill level 13 in Axes
  6365 | D:6      | Received a gift from Trog
  6971 | D:7      | Reached XP level 9. HP: 44/70 MP: 1/4
  7069 | D:7      | Reached skill level 14 in Axes
  7634 | D:7      | Found a snail-covered altar of Cheibriados.
  7635 | D:7      | Found an ancient bone altar of Kikubaaqudgha.
  7753 | D:7      | Received a gift from Trog
  7868 | D:7      | Reached skill level 15 in Axes
  8031 | D:7      | Found Madan's Food Shoppe.
  8145 | D:8      | Found a burning altar of Makhleb.
  8189 | D:8      | Noticed Erolcha
  8204 | D:8      | Killed Erolcha
  8204 | D:8      | Reached skill level 16 in Axes
  8379 | D:8      | Reached XP level 10. HP: 75/77 MP: 1/4
  9258 | D:9      | Reached skill level 17 in Axes
  9410 | D:9      | Found a staircase to the Orcish Mines.
  9663 | D:9      | Noticed Grum
  9698 | D:9      | Killed Grum
  9823 | D:9      | Found a staircase to the Lair.
  9834 | D:9      | Reached skill level 18 in Axes
 10059 | D:10     | Entered Level 10 of the Dungeon
 10101 | D:10     | Noticed a hill giant
 10106 | D:10     | Killed a hill giant
 10194 | Lair:1   | Entered Level 1 of the Lair of Beasts
 10463 | Lair:1   | Reached XP level 11. HP: 56/82 MP: 4/4
 10717 | Lair:1   | Received a gift from Trog
 11058 | Lair:1   | Reached skill level 19 in Axes
 12333 | Lair:2   | Reached skill level 20 in Axes
 12764 | Lair:3   | Noticed a seven-headed hydra
 12772 | Lair:3   | Killed a three-headed hydra
 13071 | Lair:3   | Upgraded the game from 0.16-a0-296-gbdb9f68 to 0.16-a0-305-g9782ec1
 13071 | Lair:3   | Upgraded the game from 0.16-a0-305-g9782ec1 to 0.16-a0-1212-geefc3ab
 13071 | Lair:3   | Quit the game

Action                   |  1- 3 |  4- 6 |  7- 9 | 10-12 || total
-------------------------+-------+-------+-------+-------++-------
Melee: Hand axe          |   104 |   149 |   281 |       ||   534
       Battleaxe         |       |       |   204 |   359 ||   563
Invok: Berserk           |       |     2 |     6 |     5 ||    13
       Burn Spellbooks   |       |       |     1 |     1 ||     2
       Trog's Hand       |       |       |     1 |     1 ||     2
       Brothers in Arms  |       |       |       |     1 ||     1
Evoke: Wand              |       |       |       |     7 ||     7
  Use: Scroll            |     1 |    12 |     4 |    15 ||    32
       Potion            |       |       |     1 |       ||     1
 Stab: Sleeping          |       |     1 |       |       ||     1
  Eat: Chunk             |     2 |     4 |    14 |     4 ||    24
       Pizza             |     1 |       |       |       ||     1
       Meat ration       |       |     1 |       |       ||     1
       Beef jerky        |       |       |     3 |     3 ||     6
       Fruit             |       |       |     2 |     1 ||     3
       Bread ration      |       |       |       |     2 ||     2
       Royal jelly       |       |       |       |     1 ||     1
